 Dungeon Crawl Stone Soup version 0.29.0-11-gd7f09526c8 (webtiles) character file.

Game seed: 8921672498546249501

3191 pacmanke6689 the Basher (level 9, -1/82 HPs)
             Began as a Gargoyle Fighter on Sept 4, 2022.
             Was an Initiate of the Shining One.
             Slain by a yak (4 damage)
             ... on level 1 of the Lair of Beasts.
             The game lasted 00:32:28 (10076 turns).

pacmanke6689 the Basher (Gargoyle Fighter)         Turns: 10076, Time: 00:32:28

Health: -1/82      AC: 31    Str: 21      XL:     9   Next: 96%
Magic:  12/13      EV:  2    Int: 18 (19) God:    the Shining One [......]
Gold:   411        SH:  5    Dex: 10      Spells: 12/13 levels left

rFire   . . .      SeeInvis .   k - +1 mace (protect)
rCold   . . .      Faith    .   c - +0 buckler
rNeg    + . .      Spirit   .   (body armour currently unavailable)
rPois   ∞          Reflect  .   (helmet currently unavailable)
rElec   .          Harm     .   (cloak currently unavailable)
rCorr   .          Rampage  .   (gloves currently unavailable)
Will    .....      NoTele   +   (boots currently unavailable)
Stlth   +.........              (no amulet)
HPRegen 0.23/turn               z - +6 ring of intelligence
MPRegen 0.13/turn               (no ring)

@: tree-form, under a protective aura, glowing
A: stationary, stasis, torment immunity, boosted hp, sickness immunity, AC +6,
negative energy resistance 1, (electricity resistance), torment resistance 1,
petrification resistance, clever 1
a: Renounce Religion


You were on level 1 of the Lair of Beasts.
You worshipped the Shining One.
The Shining One was noncommittal.
You were a tree.
You visited 3 branches of the dungeon, and saw 12 of its levels.

You collected 411 gold pieces.

Inventory:

Hand Weapons
 a - a +1 flail
 k - a +1 mace of protection (weapon)
 n - a +5 scimitar
Armour
 b - a +0 scale mail
 c - a +0 buckler (worn)
 e - a +2 ring mail of poison resistance (melded)
 g - a +2 cloak of stealth (melded)
 r - an orb of guile
Jewellery
 h - a ring of willpower
 z - a +6 ring of intelligence (left branch)
Wands
 d - a wand of flame (7)
 p - a wand of light (7)
 q - a wand of mindburst (20)
Scrolls
 f - a scroll of amnesia
 l - a scroll of magic mapping
 m - 4 scrolls of immolation
 u - a scroll of silence
Potions
 i - a potion of attraction
 j - 2 potions of lignification
 w - a potion of degeneration


   Skills:
 + Level 5.9 Fighting
 + Level 8.3 Maces & Flails
 + Level 7.0 Armour
 + Level 4.3 Dodging
 - Level 0.2 Stealth
 + Level 5.7 Shields
 + Level 2.7 Spellcasting
 + Level 2.2 Hexes


You had 12 spell levels left.
You knew the following spells:

 Your Spells              Type           Power      Damage    Failure   Level
a - Slow                  Hex            40%        N/A       9%          1

Your spell library contained the following spells:

 Spells                   Type           Power      Damage    Failure   Level
 Confusing Touch          Hex            10%        N/A       26%         3
 Tukima's Dance           Hex            10%        N/A       26%         3
 Poisonous Vapours        Pois/Air       4%         N/A       32%         2
 Portal Projectile        Hex/Tloc       12%        N/A       38%         3
 Vampiric Draining        Necr           2%         2d6       54%         3
 Corpse Rot               Necr/Pois/Air  2%         N/A       91%         4
 Blade Hands              Tmut           1%         N/A       99%         5


Dungeon Overview and Level Annotations

Branches:
Dungeon (9/15)             Temple (1/1) D:4            Lair (2/5) D:8
  Swamp: Lair:2-3    Shoals: Lair:2-3     Snake: Lair:2-3    Spider: Lair:2-3
    Orc: D:9-12

Altars:
Ashenzari
Cheibriados
Dithmenos
Elyvilon
Makhleb
Nemelex Xobeh
Qazlal
Ru
Trog
Uskayaw
Wu Jian
Xom
Yredelemnul
Zin
The Shining One

Shops:
D:1 ?

Annotations:
D:4 2 transporters, pigah's ghost, novice OpAE
D:7 Prince Ribbit
D:9 Gastronok


Innate Abilities, Weirdness & Mutations

You are a tree.
Your roots penetrate the ground, keeping you stationary.
You cannot be teleported.
You are immune to unholy pain and torment.
Your maximum health is greatly increased.
Your equipment is partially melded.
You are immune to sickness and miasma.
((Your stone body is resilient. (AC +6)))
You are immune to poison.
You resist negative energy. (rN+)
((You are resistant to electric shocks. (rElec)))
You are resistant to unholy torment.
You are immune to petrification.
Your mind is acute. (Int +4, Str/Dex -1)


Message History

Okay, then.
Okay, then.
Unknown command.
Casting: Slow (safe; 9% risk of failure)
Confirm with . or Enter, or press ? or * to list all spells.
Aiming: Slow (safe; 9% risk of failure)
Press: ? - help, Shift-Dir - straight line, f - yak
Aim: a yak (heavily wounded, haloed, chance to affect: 49%)
The yak seems to slow down.
The yak gores you!
* * * LOW HITPOINT WARNING * * *
The yak gores you but does no damage. You block the yak's attack.
The yak gores you but does no damage. The yak barely misses you.
The yak gores you but does no damage. x2
You hit the yak.
The yak is heavily wounded.
The yak gores you but does no damage. The yak gores you.
* * * LOW HITPOINT WARNING * * *
The yak gores you but does no damage. x3; The yak barely misses you.
The yak gores you but does no damage.
You hit the yak.
The yak is severely wounded.
The yak completely misses you. You block the yak's attack.
The yak gores you but does no damage. You block the yak's attack.
The yak gores you but does no damage. x4
You sock the yak!
The yak is almost dead.
The yak gores you.
* * * LOW HITPOINT WARNING * * *
The yak gores you but does no damage. The yak gores you.
* * * LOW HITPOINT WARNING * * *
The yak completely misses you.
The yak gores you but does no damage. x4
You hit the yak.
The yak is almost dead.
The yak gores you but does no damage. x2; The yak gores you!
* * * LOW HITPOINT WARNING * * *
You block the yak's attack.
The yak gores you but does no damage. x3
You hit the yak.
The yak is almost dead.
The yak gores you but does no damage. The yak gores you.
You die...

........ #....#.. #
### .........
##.####.######....#...
.........#P#.#....#...
..................P...
......YYY.............
......Y♣YF........$...
.....$YYY.####........
#........## #..$.....
##.....### #....#P..
##...# ##....# #. ##.#
#P....## ##
##.....##.. #Y........
#.........


You could see 8 yaks and a cane toad.

Vanquished Creatures
  A wraith (D:8)
  A steam dragon (D:6)
  Duvessa (D:5)
  An orc warrior (D:8)
  3 ice beasts
  A sky beast (D:8)
  2 black bears
  An ogre (D:5)
  A phantom (D:5)
  2 kobold brigands (D:8)
  2 scorpions
  3 bullfrogs
  2 necrophages
  5 wights (D:8)
  Dowan (D:5)
  5 killer bees
  2 howler monkeys (D:8)
  5 hounds
  Crazy Yiuf (D:3)
  2 orc priests
  A gnoll bouda (D:5)
  5 iguanas
  Jessica (D:3)
  3 orc wizards
  Terence (D:2)
  8 gnolls
  12 adders
  A shadow imp (D:6)
  4 white imps
  3 worms
  A dart slug (D:2)
  27 orcs
  4 ball pythons
  6 endoplasms
  5 giant cockroaches
  10 hobgoblins
  2 quokkas
  6 bats
  A frilled lizard (D:1)
  4 goblins
  11 kobolds
  6 rats
164 creatures vanquished.

Vanquished Creatures (others)
  A gnoll (D:7)
  3 fungi (Lair:1)
4 creatures vanquished.

Grand Total: 168 creatures vanquished

Notes
Turn   | Place    | Note
-------+----------+-------------------------------------------
     0 | D:1      | pacmanke6689 the Gargoyle Fighter began the quest for the
                  | Orb.
     0 | D:1      | Reached XP level 1. HP: 14/14 MP: 1/1
   210 | D:1      | Found Qaxar's Magic Scroll Boutique.
   226 | D:1      | Reached XP level 2. HP: 14/19 MP: 2/2
   331 | D:1      | Found a faded altar of an unknown god.
  1197 | D:2      | Reached XP level 3. HP: 3/24 MP: 3/3
  1460 | D:2      | Noticed Terence
  1486 | D:2      | Killed Terence
  1913 | D:2      | Reached XP level 4. HP: 29/29 MP: 4/4
  2143 | D:2      | Reached skill level 1 in Dodging
  2180 | D:2      | Reached skill level 3 in Maces & Flails
  2468 | D:3      | Reached XP level 5. HP: 29/33 MP: 5/5
  2640 | D:3      | Noticed Jessica
  2644 | D:3      | Learned a level 1 spell: Slow
  2653 | D:3      | Killed Jessica
  2873 | D:3      | Found a runed translucent door.
  2880 | D:3      | Noticed Crazy Yiuf
  3169 | D:3      | Reached skill level 4 in Maces & Flails
  3450 | D:3      | Killed Crazy Yiuf
  3668 | D:4      | Reached XP level 6. HP: 32/38 MP: 6/6
  3833 | D:4      | Found a transporter.
  3834 | D:4      | Noticed pigah's ghost (novice OpAE)
  3843 | D:4      | Found a transporter.
  3943 | D:4      | Found a staircase to the Ecumenical Temple.
  4102 | Temple   | Entered the Ecumenical Temple
  4600 | D:4      | Found a shimmering altar of Xom.
  4890 | D:5      | Entered Level 5 of the Dungeon
  5142 | D:5      | Reached skill level 5 in Maces & Flails
  5142 | D:5      | Reached XP level 7. HP: 40/43 MP: 8/8
  5191 | D:5      | Reached skill level 5 in Armour
  5191 | D:5      | Reached skill level 1 in Spellcasting
  5255 | D:5      | Noticed Duvessa
  5255 | D:5      | Noticed Dowan
  5404 | D:5      | Gained mutation: Armour fits poorly on your strangely
                  | shaped body. [potion of mutation]
  5404 | D:5      | Gained mutation: A frigid envelope surrounds you and
                  | freezes all who hurt you. [potion of mutation]
  5404 | D:5      | Gained mutation: Your large and strong wings let you fly.
                  | [potion of mutation]
  5716 | D:5      | Lost mutation: Your large and strong wings let you fly.
                  | [potion of mutation]
  5716 | D:5      | Lost mutation: A frigid envelope surrounds you and freezes
                  | all who hurt you. [potion of mutation]
  5716 | D:5      | Lost mutation: Armour fits poorly on your strangely shaped
                  | body. [potion of mutation]
  5716 | D:5      | Gained mutation: Your mind is acute. (Int +4, Str/Dex -1)
                  | [potion of mutation]
  5728 | D:5      | Reached skill level 1 in Hexes
  5837 | D:5      | Reached XP level 8. HP: 48/48 MP: 5/10
  5913 | D:5      | Killed Duvessa
  5914 | D:5      | Reached skill level 6 in Maces & Flails
  5916 | D:5      | Killed Dowan
  6555 | D:6      | Found a burning altar of Makhleb.
  6588 | D:6      | Found a hide-covered altar of Uskayaw.
  7049 | D:6      | Reached skill level 5 in Fighting
  7128 | D:6      | Reached skill level 7 in Maces & Flails
  7448 | D:7      | Found a white marble altar of Elyvilon.
  7540 | D:6      | Reached XP level 9. HP: 46/54 MP: 10/12
  8027 | D:8      | Reached skill level 5 in Shields
  8670 | D:7      | Noticed Prince Ribbit
  8825 | D:8      | Found a glowing golden altar of the Shining One.
  8833 | D:8      | Became a worshipper of the Shining One
  9057 | D:8      | Found a staircase to the Lair.
  9153 | D:8      | Reached skill level 8 in Maces & Flails
  9444 | D:8      | Identified the +7 dagger of Misery {vorpal, Contam rF++
                  | Int+2 SInv}
  9458 | D:8      | Found a bloodstained altar of Trog.
  9688 | D:9      | Noticed Gastronok
  9898 | D:9      | Noticed a two-headed ogre
  9998 | Lair:1   | Entered Level 1 of the Lair of Beasts
 10029 | Lair:1   | Noticed a cane toad
 10039 | Lair:2   | Noticed a six-headed hydra
 10040 | Lair:2   | Noticed a komodo dragon
 10075 | Lair:1   | HP: 2/82 [yak (12)]
 10076 | Lair:1   | Slain by a yak

Illustrated notes

Levels and vault maps discovered:
D:1:      spicycebolla_arrival_risky_transporter, layout_loops_ring,
          serial_shops, shop_statue, hellmonk_ecumenical_altar_heavens_door,
          nicolae_hexahallways, bh_walls_and_bars
D:2:      layout_basic, minmay_pentomino_s2, uniq_terence
D:3:      layout_loops_ring, uniq_crazy_yiuf_cottage, uniq_jessica
D:4:      layout_loops_ring, tgw_xom, temple_statues, gammafunk_ghost_arena
D:5:      layout_cave_pods, corexii_checkpoint_b, uniq_duvessa
D:6:      layout_basic, old_standard_altar,
          mainiacjoe_overflow_concentric_impassable, gup_sewer_entry_glass,
          kennysheep_generic_room_2
D:7:      layout_cave_pools, elyvilon_altar_4, overflow_temple_1_default,
          old_standard_altar, lemuel_round_altar, uniq_prince_ribbit1,
          uniq_pikel
D:8:      layout_basic, mainiacjoe_overflow_surrounded_room,
          lightli_temple_of_fire, lair_entry_dummy, minmay_misc_feat_tiny
D:9:      layout_roguey, palyth_temple_overflow_mages, nicolae_diode_stairs,
          uniq_gastronok
Temple:   nicolae_temple_cloud_nine
Lair:1:   layout_gridlike, uniq_urug
Lair:2:   layout_big_grid, spider_nest_entry_rubble, serial_bayou_lagoon_b

Skill      XL: |  1  2  3  4  5  6  7  8  9 |
---------------+----------------------------+-----
Dodging        | 1 2 4 |  4.3
Maces & Flails | 3 4 5 7 8 |  8.3
Armour         | 4 5 6 7 |  7.0
Fighting       | 4 5 |  5.9
Spellcasting   | 1 2 |  2.7
Shields        | 4 5 |  5.7
Hexes          | 1 2 |  2.2
Stealth        | |  0.2

Action                   |  1- 3 |  4- 6 |  7- 9 || total
-------------------------+-------+-------+-------++-------
Melee: Flail             |   101 |   131 |       ||   232
       Mace              |       |   122 |   584 ||   706
 Cast: Slow              |       |     2 |     9 ||    11
  Use: Potion            |     3 |     6 |    10 ||    19
       Scroll            |     3 |    10 |    11 ||    24
Armor: Scale mail        |    54 |   128 |    89 ||   271
       Skin              |       |    18 |    48 ||    66
       Ring mail         |       |       |   333 ||   333
Dodge: Dodged            |    51 |    81 |   352 ||   484
Block: Buckler           |    17 |    44 |   160 ||   221
